 Dungeon Crawl Stone Soup version 0.31-a0-232-gb1c03b2570 (webtiles) character file.

Game seed: 11566625997993988824

59 qw the Shooter (level 4, 0/26 HPs)
             Began as a Gargoyle Hexslinger on July 7, 2023.
             Slain by a goblin
             ... wielding a +0 club
             ... led by Robin
              (2 damage)
             ... on level 3 of the Dungeon.
             The game lasted 00:00:31 (1480 turns).

qw the Shooter (Gargoyle Hexslinger)                Turns: 1480, Time: 00:00:32

Health: 0/26       AC:  6    Str: 12    XL:     4   Next: 3%
Magic:  5/5        EV: 11    Int: 13    God:
Gold:   113        SH:  0    Dex: 14    Spells: 4/5 levels left

rFire   . . .        Y - +3 sling
rCold   . . .        (no shield)
rNeg    + . .        b - +0 leather armour
rPois   inf          (no helmet)
rElec   +            (no cloak)
rCorr   .            (no gloves)
SInv    .            (no boots)
Will    .....        (no amulet)
Stlth   +            (no ring)
HPRegen 0.24/turn    (no ring)
MPRegen 0.09/turn

%: no passive effects
@: no status effects
A: sickness immunity, AC +3, negative energy resistance 1, electricity
resistance, torment resistance 1, petrification resistance
a: no special abilities


You were on level 3 of the Dungeon.
You visited 1 branch of the dungeon, and saw 3 of its levels.

You collected 113 gold pieces.


Innate Abilities, Weirdness & Mutations

You are immune to sickness and miasma.
Your stone body is resilient. (AC +3)
You are immune to poison.
You resist negative energy. (rN+)
You are resistant to electric shocks. (rElec)
You are resistant to unholy torment.
You are immune to petrification.


   Skills:
 - Level 2.0 Fighting
 + Level 3.8 Ranged Weapons
 - Level 1.5 Dodging
 - Level 1.0 Spellcasting
 - Level 2.6 Hexes


You had 4 spell levels left.
You knew the following spells:

 Your Spells              Type           Power      Damage    Failure   Level
a - Slow                  Hex            28%        N/A       12%         1

Your spell library contained the following spells:

 Spells                   Type           Power      Damage    Failure   Level
 Inner Flame              Hex/Fire       4%         N/A       52%         3
 Portal Projectile        Hex/Tloc       8%         N/A       52%         3
 Cause Fear               Hex            3%         N/A       75%         4

Inventory:

Hand Weapons
 Y - a +3 sling (weapon)
Armour
 b - a +0 leather armour (worn)
Potions
 a - a potion of curing {unknown}
 c - a potion of might {unknown}
 e - a potion of enlightenment {unknown}
 h - a potion of haste {unknown}

Dungeon Overview and Level Annotations

Branches:
Dungeon (3/15)

Altars:

Annotations:
D:3 Robin


Message History

You shoot a sling bullet.
The sling bullet barely misses the adder.
The adder bites you. The goblin barely misses you.
The goblin hits you with a +0 club.
A goblin comes into view. It is wielding a +0 dagger.
Robin of the Strong Arm comes into view.
They are wielding a +4 spear of venom.
The adder closely misses you.
You shoot a sling bullet.
The sling bullet closely misses the adder.
The adder bites you but does no damage. The goblin closely misses you.
The goblin hits you but does no damage.
Robin roars a battlecry!
The goblins go into a battle-frenzy!
The adder misses you.
You hear a shout! x2
You shoot a sling bullet. The sling bullet hits the adder.
The adder is almost dead.
The goblin barely misses you. The goblin hits you with a +0 club.
The adder bites you but does no damage. The goblin hits you but does no damage.
The goblin barely misses you.
You shoot a sling bullet. The sling bullet hits the adder.
You kill the adder!
A goblin comes into view. It is wielding a +0 dagger.
The goblin misses you.
Robin says, "Bow before me, strongest of all the hobgoblins!"
The goblin barely misses you.
You have reached level 4!
You feel stronger.
You shoot a sling bullet.
The sling bullet barely misses the goblin.
The goblin shouts!
The sling bullet hits the hobgoblin.
The hobgoblin is almost dead.
The goblin hits you with a +0 club. Robin throws the goblin at you!
The goblin misses you. The goblin closely misses you.
You shoot a sling bullet. The sling bullet hits the goblin.
You kill the goblin!
The goblin hits you but does no damage. The goblin hits you with a +0 dagger.
A goblin comes into view. It is wielding a +0 dagger.
The goblin hits you with a +0 club.
You die...

...................#
..............%.....
.#####.##.##.#####.#
.#####.##.##.#
........#.##.##
..............#
........#.##### #####
######.##.########.....g
...............g@gg.g.).
######.##.###...gg..####
<# #.##.# #....g..+ .#
#.##.# #.......# ... #.#
#...%...# .### .(#
#.......# .# ..#
#.......# .# ..#
######.## ## .#


You could see Robin, a hobgoblin (strong) and 6 goblins.

Vanquished Creatures
  An adder (D:3)
  A worm (D:2)
  3 orcs (D:3)
  3 ball pythons (D:1)
  7 bats
  4 endoplasms
  A giant cockroach (D:2)
  7 goblins
  6 hobgoblins
  3 kobolds (D:1)
  A quokka (D:2)
  A frilled lizard (D:1)
  2 rats
40 creatures vanquished.

Notes
Turn   | Place    | Note
-------+----------+-------------------------------------------
     0 | D:1      | qw the Gargoyle Hexslinger began the quest for the Orb.
     0 | D:1      | Reached XP level 1. HP: 12/12 MP: 2/2
     0 | D:1      | 0 ||| qw: Version: 0.3-a-46-gb1f654a
     0 | D:1      | 0 ||| qw: Game counter: 2376
     0 | D:1      | 0 ||| qw: Melee chars always use a shield: true
     0 | D:1      | 0 ||| qw: God list: Okawaru
     0 | D:1      | 0 ||| qw: Allow faded altars: false
     0 | D:1      | 0 ||| qw: Do Orc after clearing Dungeon:15 true
     0 | D:1      | 0 ||| qw: Do second Lair branch before Depths: true
     0 | D:1      | 0 ||| qw: Lair rune preference: random
     0 | D:1      | 0 ||| qw: Goals: Normal
     0 | D:1      | 0 ||| PLANNING D:1-11
   133 | D:1      | Reached XP level 2. HP: 16/16 MP: 3/3
   225 | D:1      | Reached skill level 3 in Ranged Weapons
   637 | D:1      | 637 ||| READING scroll labelled WEONUT MIET.
   638 | D:1      | 638 ||| DRINKING 2 lumpy coppery potions.
   639 | D:1      | 639 ||| DROPPING scroll of poison.
   685 | D:2      | 685 ||| STAIRDANCE
   690 | D:1      | Reached XP level 3. HP: 19/21 MP: 4/4
  1127 | D:2      | HP: 5/21 [worm (8)]
  1128 | D:2      | 1128 ||| DRINKING potion of heal wounds.
  1260 | D:2      | 1260 ||| UPGRADING to +0 leather armour.
  1270 | D:2      | 1270 ||| DROPPING +0 robe.
  1271 | D:2      | 1271 ||| READING 3 scrolls labelled VAT UNIKINUANT.
  1272 | D:2      | 1272 ||| READING 2 scrolls labelled WIJOAMASEM.
  1273 | D:2      | 1273 ||| READING scroll of enchant weapon.
  1273 | D:2      | 1273 ||| ENCHANTING +2 sling.
  1274 | D:2      | 1274 ||| DROPPING 2 scrolls of blinking.
  1475 | D:3      | Noticed Robin
  1479 | D:3      | Reached XP level 4. HP: 9/26 MP: 5/5
  1479 | D:3      | HP: 5/26 [goblin/+0 club[Robin] (5)]
  1480 | D:3      | HP: 2/26 [goblin/+0 dagger[Robin] (3)]
  1480 | D:3      | Slain by a goblin

Levels and vault maps discovered:
D:1:      dpeg_arrival_renting, layout_loops_ring, dreamdust_wishing_well
D:2:      layout_loops_ring, minivault_25
D:3:      layout_basic, uniq_natasha, uniq_robin

Skill      XL: |  1  2 |
---------------+-------+-----
Ranged Weapons | 3 |  3.8
Fighting       | 2 |  2.0
Dodging        | |  1.5
Spellcasting   | |  1.0
Hexes          | |  2.6

Action                     |  1- 3 |  4- 6 || total
---------------------------+-------+-------++-------
   Fire: Sling             |   132 |     2 ||   134
    Use: Scroll            |     4 |       ||     4
         Potion            |     2 |       ||     2
 Armour: Robe              |    14 |       ||    14
         Leather armour    |    13 |     1 ||    14
  Dodge: Dodged            |    54 |     2 ||    56

Table legend:
 A = Non-vault XP
 B = Vault XP
 C = Vault XP percentage of total XP
 D = Non-vault monster count
 E = Vault monster count
 F = Vault count percentage of total count
                 A         B        C        D         E       F
            +---------+---------+-------+---------+---------+-------
      Total |      81 |       5 |   5.8 |      37 |       3 |   7.5
            +---------+---------+-------+---------+---------+-------
        D:1 |      35 |       0 |   0.0 |      21 |       0 |   0.0
        D:2 |      18 |       0 |   0.0 |       9 |       0 |   0.0
        D:3 |      28 |       5 |  15.2 |       7 |       3 |  30.0
            +---------+---------+-------+---------+---------+-------
